 Dungeon Crawl Stone Soup version 0.25.1-8-g42b30a86e7 (webtiles) character file.

Game seed: 1193289124823497265

564 hawla the Magician (level 7, -12/50 HPs)
             Began as a Pale Draconian Conjurer on Dec 1, 2020.
             Mangled by Pikel
             ... wielding a +0 whip of electrocution
              (17 damage)
             ... on level 4 of the Dungeon.
             The game lasted 00:10:00 (4181 turns).

hawla the Magician (Pale Draconian Conjurer)        Turns: 4181, Time: 00:10:01

Health: -12/50     AC:  8    Str: 10    XL:     7   Next: 10%
Magic:  11/15      EV: 12    Int: 17    God:
Gold:   178        SH:  0    Dex: 12    Spells: 9/16 levels left

rFire    + . .     SeeInvis .   (no weapon)
rCold    . . .     Gourm    .   (no shield)
rNeg     . . .     Faith    .   (armour unavailable)
rPois    .         Spirit   .   (helmet restricted)
rElec    .         Reflect  .   (no cloak)
rCorr    +         Harm     .   q - +0 pair of gloves
MR       .....                  j - +0 pair of boots
Stlth    ++........             (no amulet)
HPRegen  0.16/turn              c - ring of resist corrosion
MPRegen  0.14/turn              a - ring of protection from fire

@: about to teleport
A: breathe steam, unfitting armour, cold-blooded, AC +6
a: Breathe Steam


You were on level 4 of the Dungeon.
You were hungry.

You visited 1 branch of the dungeon, and saw 4 of its levels.

You collected 178 gold pieces.

Inventory:

Missiles
 d - 4 atropa-tipped darts (quivered)
Armour
 j - a +0 pair of boots (worn)
 q - a +0 pair of gloves (worn)
Jewellery
 a - a ring of protection from fire (right hand)
 c - a ring of resist corrosion (left hand)
 l - an uncursed ring of see invisible
Wands
 k - a wand of paralysis (5)
 o - a wand of flame (22)
Scrolls
 g - 2 scrolls of identify
Potions
 e - a potion of might
 f - a potion of ambrosia
 h - 2 potions of brilliance
 i - a potion of curing
 m - a potion of cancellation {unknown}
 n - a potion of magic
Comestibles
 b - 3 rations


   Skills:
 - Level 1.7 Dodging
 - Level 1.7 Stealth
 * Level 5.3 Spellcasting
 + Level 5.0 Conjurations
 + Level 4.0 Translocations


You had 9 spell levels left.
You knew the following spells:

 Your Spells              Type           Power        Failure   Level  Hunger
a - Magic Dart            Conj           ###.         1%          1    None
b - Searing Ray           Conj           ###...       2%          2    #......
c - Iskenderun's Mystic   Conj/Tloc      ###.....     22%         4    ####...

Your spell library contained the following spells:

 Spells                   Type           Power        Failure   Level  Hunger
 Dazzling Flash           Conj/Hex       ##....       14%         3    ##.....
 Fulminant Prism          Conj/Hex       ##........   43%         4    ####...


Dungeon Overview and Level Annotations

Branches:
Dungeon (4/15)
 Temple: D:4-7

Altars:
Hepliaklqana
Kikubaaqudgha
Trog
Xom
The Shining One

Annotations:
D:4 Pikel


Innate Abilities, Weirdness & Mutations

You can breathe blasts of scalding, opaque steam.
Your pale cyan-grey scales are hard. (AC +6)
You cannot fit into any form of body armour.
You are cold-blooded and may be slowed by cold attacks.


Message History

Pikel is moderately wounded.
Pikel closely misses you. The slave hits you but does no damage.
The slave hits you!
The searing ray hits Pikel.
Pikel is moderately wounded.
The searing ray hits the slave!
The slave is moderately wounded.
Pikel hits you but does no damage.
You are electrocuted!
The slave barely misses you. The slave hits you.
* * * LOW HITPOINT WARNING * * *
You feel better. Pikel hits you but does no damage. The slave hits you!
* * * LOW HITPOINT WARNING * * *
The slave hits you.
* * * LOW HITPOINT WARNING * * *
As you read the scroll of teleportation, it crumbles to dust.
You feel strangely unstable.
Pikel hits you with a +0 whip of electrocution.
* * * LOW HITPOINT WARNING * * *
You are electrocuted!
You die...

.. ####.............## #.
#................## #.
#.##...........###.
#.#######.###...........##.
#..........#.............#.
#..#.#.#.#.#........##...##
#...................##.....
#..#.#.#.#.........###.....
#......ppK@.....#...<......
##.#.#.#.#pp.#..#..........
#.........................
#.#.#.#.#......##.........
#..........#.####...#.(...
###........#.# #..##....#
##########.# ##....##..
#......# ##.##....
#.############.....#


You could see Pikel and 4 slaves.

Vanquished Creatures
  Menkaure (D:4)
  An ogre (D:4)
  A scorpion (D:4)
  A howler monkey (D:4)
  An iguana (D:3)
  2 orc wizards (D:3)
  A worker ant (D:4)
  3 gnolls (D:4)
  5 adders
  An ooze (D:3)
  An adder skeleton (D:4)
  3 worms
  3 dart slugs
  4 leopard geckos
  3 orcs
  2 ball pythons
  4 bats
  3 giant cockroaches
  6 goblins
  2 hobgoblins
  4 jackals
  5 quokkas
  2 frilled lizards (D:1)
  7 kobolds
  14 rats
80 creatures vanquished.

Notes
Turn   | Place    | Note
-------+----------+-------------------------------------------
     0 | D:1      | hawla the Draconian Conjurer began the quest for the Orb.
     0 | D:1      | Reached XP level 1. HP: 14/14 MP: 3/3
   142 | D:1      | Reached XP level 2. HP: 20/20 MP: 3/5
  1135 | D:2      | Reached XP level 3. HP: 26/26 MP: 2/8
  1143 | D:2      | Learned a level 2 spell: Searing Ray
  1335 | D:2      | Found a bloodstained altar of Trog.
  1892 | D:3      | Reached XP level 4. HP: 33/33 MP: 3/9
  2149 | D:3      | Found a glowing golden altar of the Shining One.
  2149 | D:3      | Found a shimmering altar of Xom.
  2321 | D:3      | Reached XP level 5. HP: 32/38 MP: 5/11
  2327 | D:3      | Learned a level 4 spell: Iskenderun's Mystic Blast
  2654 | D:3      | Reached skill level 1 in Translocations
  3125 | D:4      | Reached XP level 6. HP: 45/45 MP: 6/12
  3312 | D:4      | Found a hazy altar of Hepliaklqana.
  3316 | D:4      | Found an ancient bone altar of Kikubaaqudgha.
  3401 | D:4      | Noticed Menkaure
  3410 | D:4      | Killed Menkaure
  3410 | D:4      | Reached skill level 5 in Spellcasting
  3776 | D:4      | Reached skill level 5 in Conjurations
  3776 | D:4      | Your scales start taking on a pale cyan-grey colour.
  3776 | D:4      | Reached XP level 7. HP: 32/50 MP: 5/15
  4148 | D:4      | Noticed Pikel
  4181 | D:4      | Mangled by Pikel

Illustrated notes

Levels and vault maps discovered:
D:1:      zelgadis_glass_arrival_small, layout_basic, st_stairs_10,
          kennysheep_pointless_box
D:2:      layout_basic, lemuel_coloured_pillars_altar
D:3:      layout_rooms, gammafunk_temple_overflow_wave, fountainhead
D:4:      layout_cave_pools, chequers_temple_overflow_statue_of_worship,
          first_ration, serial_co_window_serial, co_window_paths_a,
          co_window_corner_a, co_window_paths_a, co_window_paths_b,
          co_window_corner_a, co_window_corner_b, co_window_broadway_b,
          co_window_corner_b, co_window_corner_b, co_window_of_opportunity_c,
          glass_columns_b, glass_columns_a, glass_columns_c, glass_columns_c,
          glass_columns_a, kennysheep_generic_room_12, uniq_menkaure, uniq_pikel

Skill      XL: |  1  2  3  4  5  6 |
---------------+-------------------+-----
Spellcasting   | 3 4 5 |  5.3
Translocations | 2 4 |  4.0
Conjurations   | 5 |  5.0
Dodging        | |  1.7
Stealth        | |  1.7

Action                   |  1- 3 |  4- 6 |  7- 9 || total
-------------------------+-------+-------+-------++-------
Melee: Unarmed           |    21 |     5 |     1 ||    27
       Tailslap          |     3 |     1 |       ||     4
 Cast: Magic Dart        |    70 |    39 |       ||   109
       Searing Ray       |     5 |    26 |     2 ||    33
  Use: Scroll            |     3 |     8 |     2 ||    13
       Potion            |       |     1 |     1 ||     2
  Eat: Chunk             |     3 |     7 |       ||    10
Armor: Skin              |     9 |    15 |     4 ||    28
Dodge: Dodged            |    16 |    18 |     7 ||    41
